 Dungeon Crawl Stone Soup version 0.27-a0-1186-g8b4daa1eef (webtiles) character file.

Game seed: 17205537943846072053

43533 robertstho the Protected (level 13, -2/122 HPs)
             Began as a Minotaur Berserker on May 19, 2021.
             Was a High Priest of Trog.
             Slain by a death yak (10 damage)
             ... on level 5 of the Lair of Beasts.
             The game lasted 00:24:35 (16487 turns).

robertstho the Protected (Minotaur Berserker)      Turns: 16487, Time: 00:24:36

Health: -2/122     AC: 24    Str: 26    XL:     13   Next: 91%
Magic:  12/12      EV: 11    Int:  5    God:    Trog [*****.]
Gold:   661        SH:  5    Dex: 10    Spells: 12/12 levels left

rFire    + . .     SeeInvis .   q - +1 battleaxe (flame)
rCold    . . .     Faith    .   (shield currently unavailable)
rNeg     . . .     Spirit   .   H - +0 plate armour
rPois    .         Reflect  +   J - +1 hat
rElec    +         Harm     .   D - +0 cloak
rCorr    .         Rampage  .   h - +0 pair of gloves
Will     .....                  B - +2 pair of boots
Stlth    ..........             t - amulet of reflection
HPRegen  0.30/turn              g - ring of protection from fire
MPRegen  0.13/turn              e - ring "Wafirese" {rElec Slay+4}

@: about to teleport, on berserk cooldown, slowed, studying Invocations, very
slow
A: horns 2, retaliatory headbutt
a: Renounce Religion, Berserk, Trog's Hand, Brothers in Arms


You were on level 5 of the Lair of Beasts.
You worshipped Trog.
Trog was extremely pleased with you.
You visited 2 branches of the dungeon, and saw 16 of its levels.

You collected 1051 gold pieces.
You spent 390 gold pieces at shops.

Inventory:

Hand Weapons
 q - a +1 battleaxe of flaming (weapon)
 N - a +0 hand axe of flaming
 S - a +3 antimagic broad axe
Armour
 h - a +0 pair of gloves (worn)
 A - a +0 buckler
 B - a +2 pair of boots (worn)
 D - a +0 cloak (worn)
 H - a +0 plate armour (worn)
 J - a +1 hat (worn)
 M - +0 acid dragon scales
Jewellery
 e - the ring "Wafirese" (right hand) {rElec Slay+4}
   (You acquired it on level 1 of the Lair of Beasts)

   [ring of slaying]

   It affects your accuracy and damage with ranged weapons and melee attacks
   (+4).
   It insulates you from electricity.
 g - a ring of protection from fire (left hand)
 t - an amulet of reflection (around neck)
 O - an amulet of regeneration
Wands
 w - a wand of paralysis (25)
 Q - a wand of digging (6)
 R - a wand of polymorph (10)
Scrolls
 b - a scroll of fog
 m - 4 scrolls of enchant armour {unknown}
 n - a scroll of magic mapping {unknown}
 o - a scroll of amnesia {unknown}
 p - a scroll of vulnerability
 s - 3 scrolls of enchant weapon
 u - 2 scrolls of teleportation
 v - a scroll of fear
 x - 2 scrolls of brand weapon
 z - 6 scrolls of immolation
 I - a scroll of summoning
Potions
 a - a potion of attraction
 c - 7 potions of curing
 d - a potion of lignification
 f - 3 potions of flight {unknown}
 i - 2 potions of magic {unknown}
 j - a potion of degeneration {unknown}
 k - 3 potions of mutation
 l - a potion of might
 r - 2 potions of ambrosia
 C - a potion of invisibility
 E - 3 potions of haste
 F - a potion of resistance
 G - a potion of berserk rage
 L - 2 potions of cancellation
Miscellaneous
 y - a box of beasts
 K - a phantom mirror


   Skills:
 * Level 13.6 Fighting
 + Level 13.8 Axes
 + Level 7.3 Staves
 * Level 14.6 Armour
 * Level 10.8 Dodging
 + Level 8.4 Shields


You had 12 spell levels left.
You didn't know any spells.
Your spell library was empty.

Dungeon Overview and Level Annotations

Branches:
Dungeon (11/15)            Temple (0/1) D:4            Lair (6/6) D:9
 Shoals (0/4) Lair:2        Snake (0/4) Lair:3          Orc (0/2) D:9
  Slime: Lair:5-6

Altars:
Cheibriados
Fedhas
Hepliaklqana
Kikubaaqudgha
Makhleb
Okawaru
Qazlal
Ru
Uskayaw
Vehumet
Xom
Zin
The Shining One

Shops:
D:1 [   D:6 [   D:7 (   D:9 *

Annotations:
D:10 3 runed translucent doors
Lair:5 Rupert


Innate Abilities, Weirdness & Mutations

You have a pair of horns on your head.
You reflexively headbutt those who attack you in melee.


Message History

The death yak gores you but does no damage.
The yak barely misses you. The death yak misses you. You furiously retaliate!
You headbutt the death yak, but do no damage.
The death yak gores you.
You slash the death yak! You burn the death yak.
Your headbutt misses the death yak.
The death yak is almost dead.
You slash the death yak! You burn the death yak. You barely miss the yak. x2
You feel the effects of Trog's Hand fading.
The yak gores you but does no damage. The death yak gores you!
The death yak gores you but does no damage.
The yak closely misses you.
You slash the death yak! You burn the death yak.
The death yak is almost dead.
You hit the death yak. You burn the death yak. You barely miss the yak.
You hit the yak. You burn the yak. The yak gores you but does no damage.
The death yak gores you but does no damage.
The death yak gores you. The yak gores you! The death yak closely misses you.
You block the yak's attack.
The death yak gores you but does no damage.
The yak gores you!
* * * LOW HITPOINT WARNING * * *
As you read the scroll of fear, it crumbles to dust.
You assume a fearsome visage.
The death yak resists with almost no effort. x2
The yak looks frightened! x3; The basilisk looks frightened!
The death yak gores you!
* * * LOW HITPOINT WARNING * * *
The death yak barely misses you.
As you read the scroll of teleportation, it crumbles to dust.
You feel strangely unstable.
Your skin stops crawling.
You feel less strong-willed.
Your ogre is no longer petrified.
Your ogre rages.
The death yak barely misses you. The death yak gores you!
* * * LOW HITPOINT WARNING * * *
Your ogre closely misses the basilisk.
The death yak gores you.
* * * LOW HITPOINT WARNING * * *
The death yak gores you!
You die...

.≈≈.....P ..
P≈P≈.#..### ...
≈.≈♣.#....#....
P≈........#....
.......l.......
..YY..O........
.....#.=...#...
#..YY#.....
###.@..#.#..
#P......≈≈..
##PY....≈≈P≈P
##........PP≈≈
..#.†......P≈≈≈≈
..............≈≈P≈
..............PP≈≈
..............≈≈≈≈
......$.......≈≈≈≈


You could see 2 death yaks, 3 yaks, a basilisk (fleeing, ally target) and a
friendly ogre (summoned, berserk).

Vanquished Creatures
  7 hydras
  A boulder beetle (Lair:6)
  5 two-headed ogres
  4 death yaks
  A wizard (D:9)
  A cyclops (D:9)
  A manticore (Lair:6)
  12 elephants
  Joseph (D:9)
  A black mamba (Lair:1)
  A torpor snail (Lair:6)
  8 cane toads
  A gargoyle (D:10)
  7 komodo dragons
  A kobold demonologist (D:11)
  5 rime drakes
  A troll (D:10)
  5 polar bears
  The ghost of ZappyNine the Ruffian, an amateur DrTm (D:4)
  13 blink frogs
  A shadow (D:11)
  A wraith (D:10)
  2 large abominations (D:9)
  5 wyverns
  45 yaks
  3 basilisks
  2 steam dragons
  3 nagas (Lair:3)
  An acid dragon (D:9)
  9 water moccasins
  A hornet zombie (D:6)
  A black bear (D:7)
  3 orc warriors
  3 ice beasts
  3 centaurs
  2 ogres
  3 wolves (Lair:2)
  A phantom (D:7)
  A kobold brigand (D:7)
  13 bullfrogs
  A gnoll sergeant (D:8)
  2 scorpions (D:5)
  3 small abominations (D:9)
  2 water moccasin skeletons
  8 killer bees
  4 wights
  4 howler monkeys
  5 centaur zombies
  A bullfrog skeleton (D:5)
  4 hounds (D:6)
  2 gnoll shamans
  3 orc priests
  An iguana (D:5)
  2 hell rats
  4 orc wizards
  A killer bee zombie (D:6)
  A hound skeleton (D:4)
  A mummy (D:8)
  16 gnolls
  A howler monkey zombie (D:10)
  A howler monkey skeleton (D:6)
  5 adders
  A river rat (D:9)
  A shadow imp (D:8)
  An ufetubus (D:6)
  3 adder skeletons
  3 worms
  2 dart slugs (D:2)
  22 orcs
  9 ball pythons
  7 bats
  8 endoplasms
  A giant cockroach (D:1)
  7 goblins
  11 hobgoblins
  4 jackals (D:2)
  6 quokkas
  6 frilled lizards
  9 kobolds
  11 rats
364 creatures vanquished.

Vanquished Creatures (collateral kills)
  A hydra (Lair:6)
  A manticore (Lair:6)
  A polar bear (Lair:6)
  A hornet (Lair:6)
  A wind drake (Lair:6)
  3 large abominations (D:9)
  2 water moccasins (Lair:6)
  4 small abominations (D:9)
14 creatures vanquished.

Vanquished Creatures (others)
  15 fungi
  33 plants
48 creatures vanquished.

Grand Total: 426 creatures vanquished

Notes
Turn   | Place    | Note
-------+----------+-------------------------------------------
     0 | D:1      | robertstho the Minotaur Berserker began the quest for the
                  | Orb.
     0 | D:1      | Reached XP level 1. HP: 19/19 MP: 0/0
   170 | D:1      | Found a faded altar of an unknown god.
   171 | D:1      | Reached XP level 2. HP: 27/27 MP: 1/1
   708 | D:1      | Reached XP level 3. HP: 24/34 MP: 2/2
   860 | D:1      | Reached ** piety under Trog
  1072 | D:1      | Found Nyazouju's Armour Emporium.
  1856 | D:2      | Reached skill level 3 in Armour
  1856 | D:2      | Reached XP level 4. HP: 38/41 MP: 3/3
  2835 | D:3      | Noticed a steam dragon
  2850 | D:3      | Killed a steam dragon
  2851 | D:3      | Reached skill level 5 in Fighting
  2851 | D:3      | Reached skill level 5 in Axes
  2851 | D:3      | Reached skill level 4 in Armour
  2851 | D:3      | Reached XP level 5. HP: 15/48 MP: 4/4
  2854 | D:3      | Reached *** piety under Trog
  3578 | D:4      | Found a runed translucent door.
  3579 | D:4      | Noticed ZappyNine's ghost (amateur DrTm)
  3599 | D:4      | Found a staircase to the Ecumenical Temple.
  3700 | D:4      | Found a stormy altar of Qazlal.
  3700 | D:4      | Found a burning altar of Makhleb.
  3770 | D:4      | Reached XP level 6. HP: 53/56 MP: 5/5
  4565 | D:4      | Killed ZappyNine's ghost
  4566 | D:4      | Reached skill level 5 in Armour
  4566 | D:4      | Reached XP level 7. HP: 62/62 MP: 6/6
  4606 | D:5      | Entered Level 5 of the Dungeon
  4695 | D:5      | Found a hide-covered altar of Uskayaw.
  4884 | D:5      | Found a blossoming altar of Fedhas.
  4885 | D:5      | Found an ancient bone altar of Kikubaaqudgha.
  4925 | D:5      | Reached skill level 6 in Armour
  5186 | D:5      | Found a radiant altar of Vehumet.
  5456 | D:6      | Reached XP level 8. HP: 55/71 MP: 7/7
  5661 | D:6      | Reached skill level 7 in Armour
  5673 | D:6      | Found a glowing silver altar of Zin.
  5828 | D:6      | Found Zair's Antique Armour Shoppe.
  5956 | D:6      | Reached skill level 1 in Shields
  6202 | D:6      | Reached skill level 8 in Armour
  6202 | D:6      | Reached skill level 5 in Dodging
  7015 | D:7      | Reached **** piety under Trog
  7053 | D:7      | Reached XP level 9. HP: 74/74 MP: 8/8
  7397 | D:7      | Reached skill level 9 in Armour
  7504 | D:7      | Found an iron altar of Okawaru.
  7530 | D:7      | Found Laocelig's Antique Weapon Emporium.
  7647 | D:7      | Found a shimmering altar of Xom.
  8134 | D:8      | Found a snail-covered altar of Cheibriados.
  8301 | D:8      | Identified the +2 rapier of Luxury {vorpal, Will+}
  8357 | D:8      | You fall into a shaft and drop 3 floors!
  8552 | D:11     | Noticed a kobold demonologist
  8555 | D:11     | Noticed a two-headed ogre
  8558 | D:11     | Killed a kobold demonologist
  8559 | D:11     | Reached skill level 10 in Armour
  8564 | D:11     | Killed a two-headed ogre
  8565 | D:11     | Reached XP level 10. HP: 91/91 MP: 9/9
  8589 | D:11     | Reached ***** piety under Trog
  8606 | D:10     | Entered Level 10 of the Dungeon
  8606 | D:10     | Noticed a two-headed ogre
  8619 | D:10     | Killed a two-headed ogre
  8620 | D:10     | Reached skill level 10 in Axes
  8798 | D:10     | Found a sacrificial altar of Ru.
  8953 | D:10     | Noticed a gargoyle
  8961 | D:10     | Killed a gargoyle
  8962 | D:10     | Reached skill level 11 in Armour
  9094 | D:10     | Reached skill level 10 in Fighting
  9094 | D:10     | Reached skill level 5 in Shields
  9155 | D:10     | Reached XP level 11. HP: 44/99 MP: 10/10
  9539 | D:10     | Noticed a two-headed ogre
  9549 | D:10     | Killed a two-headed ogre
  9920 | D:10     | Noticed a two-headed ogre
  9927 | D:10     | Killed a two-headed ogre
 10174 | D:10     | Found a runed translucent door.
 10174 | D:10     | Noticed a centaur warrior
 10174 | D:10     | Noticed a seven-headed hydra
 10175 | D:10     | Found a runed translucent door.
 10176 | D:10     | Found a runed translucent door.
 10392 | D:10     | Found a hazy altar of Hepliaklqana.
 10813 | D:9      | Noticed a death yak
 10815 | D:9      | Noticed a death yak
 10816 | D:9      | Found a staircase to the Lair.
 10817 | D:9      | Noticed a death yak
 10821 | D:9      | Noticed Joseph
 10824 | D:9      | Killed a death yak
 10830 | D:9      | Killed a death yak
 10832 | D:9      | Killed a death yak
 10833 | D:9      | Reached skill level 12 in Armour
 10839 | D:9      | Killed Joseph
 11102 | D:9      | Noticed a wizard
 11113 | D:9      | Killed a wizard
 11120 | D:9      | Noticed a large abomination
 11153 | D:9      | Killed a large abomination
 11436 | D:9      | Found a staircase to the Orcish Mines.
 11509 | D:9      | Found a glowing golden altar of the Shining One.
 11725 | D:9      | Found Uniyckan's General Store.
 11729 | D:9      | Bought a potion of mutation for 104 gold pieces
 11729 | D:9      | Bought a scroll of identify for 26 gold pieces
 11729 | D:9      | Bought a potion of haste for 130 gold pieces
 11729 | D:9      | Bought a potion of cancellation for 104 gold pieces
 11729 | D:9      | Bought a scroll of identify for 26 gold pieces
 11965 | D:8      | Noticed a two-headed ogre
 11968 | D:8      | Killed a two-headed ogre
 11969 | D:8      | Reached XP level 12. HP: 110/110 MP: 11/11
 11971 | D:8      | Noticed a six-headed hydra
 11980 | D:8      | Killed an 11-headed hydra
 12211 | Lair:1   | Entered Level 1 of the Lair of Beasts
 12219 | Lair:1   | Received a gift from Trog
 12566 | Lair:1   | Noticed a six-headed hydra
 12581 | Lair:1   | Killed a one-headed hydra
 12582 | Lair:1   | Reached skill level 13 in Armour
 12741 | Lair:1   | Identified a scroll of acquirement
 12746 | Lair:1   | Acquired the ring "Wafirese" {rElec Slay+4}
 13898 | Lair:2   | Noticed an eight-headed hydra
 13909 | Lair:2   | Killed a three-headed hydra
 14124 | Lair:2   | Noticed a five-headed hydra
 14130 | Lair:2   | Killed a two-headed hydra
 14184 | Lair:2   | Noticed a six-headed hydra
 14202 | Lair:2   | Reached XP level 13. HP: 119/119 MP: 12/12
 14256 | Lair:2   | Reached skill level 14 in Armour
 14278 | Lair:2   | Reached skill level 10 in Dodging
 14572 | Lair:2   | Identified the +4 lajatang of Fotikiwi {flame, Will+ Str+4}
 14841 | Lair:2   | Found a staircase to the Shoals.
 15316 | Lair:3   | Reached skill level 1 in Staves
 15686 | Lair:3   | Found a staircase to the Snake Pit.
 15807 | Lair:3   | You fall into a shaft and drop 3 floors!
 15807 | Lair:6   | Entered Level 6 of the Lair of Beasts
 16044 | Lair:6   | Reached skill level 5 in Staves
 16244 | Lair:6   | Received a gift from Trog
 16382 | Lair:5   | Noticed Rupert
 16487 | Lair:5   | Slain by a death yak

Illustrated notes

Levels and vault maps discovered:
D:1:      psy_arrival_dodecagon, layout_loops_ring, serial_shops, shop,
          chequers_ecumenical_altar_island, corexii_hall_statues_i,
          minmay_hexomino_c4
D:2:      layout_loops_corners
D:3:      layout_basic
D:4:      layout_cave_pods, gammafunk_temple_overflow_statue,
          minmay_temple_entry_gardened_gates, hellmonk_ghost_happy_afterlife
D:5:      layout_gridville, grunt_temple_overflow_growth_and_decay,
          old_standard_altar, marbit_many_paths
D:6:      kb_forest_paths, layout_loops_cross, nicolae_overflow_crystal_walls,
          serial_shops, shop, corexii_item_surrounded_by_moat
D:7:      layout_basic, nicolae_overflow_hidden_temple, kennysheep_mini_moat,
          serial_shops, nicolae_shop_stone
D:8:      layout_cave_pools, chei_slow_surprise, minmay_manual_macuahuitl
D:9:      layout_irregular_city, tso_altar, dpeg_lair_monsters, orc_0_dummy,
          serial_shops, nicolae_shop_behind_doors, minmay_statues_item,
          minmay_misc_feat_tiny, laboratory, uniq_joseph
D:10:     minmay_the_grid_triangle_9x9_rhombus_full
          [minmay_the_grid_triangle_9x9_stretched_checkered,
          minmay_the_grid_triangle_9x9_sprig,
          minmay_the_grid_triangle_9x9_cache,
          minmay_the_grid_triangle_9x9_from_above,
          minmay_the_grid_triangle_9x9_fully_insulated_deathbox,
          minmay_the_grid_triangle_9x9_pentomino_pain,
          minmay_the_grid_triangle_9x9_minimal,
          minmay_the_grid_triangle_9x9_prize_schism], layout_irregular_city,
          overflow_temple_1_default, nicolae_hepliaklqana_hippocampus
D:11:     layout_cave_pools, portal_ice_cave_demonic_guard, uniq_snorg
Lair:1:   layout_roguey, serial_bayou_shore_b, infiniplex_staircase_pool_2
Lair:2:   nzn_winding_woodlands_stair_trap [nzn_winding_woodlands_5x15_pockets,
          nzn_winding_woodlands_5x15_split_checker,
          nzn_winding_woodlands_5x15_jagged,
          nzn_winding_woodlands_15x15_thick_spiral,
          nzn_winding_woodlands_5x15_sawtooth,
          nzn_winding_woodlands_5x15_parted, nzn_winding_woodlands_5x15_pool],
          layout_regular_city, elwin_shoals_entry_rocks
Lair:3:   layout_gridlike, guppyfry_snake_entry_island,
          chequers_serial_rivers_small_3
Lair:5:   layout_gridlike, dpeg_slime_entry_corner, serial_bayou_pond_e,
          serial_bayou_shore_a, uniq_rupert
Lair:6:   gammafunk_lair_ancient_temple, layout_cave_pods

Skill      XL: |  1  2  3  4  5  6  7  8  9 10 11 12 13 |
---------------+----------------------------------------+-----
Fighting       | 4 5 6 7 9 10 11 12 13 | 13.6
Axes           | 4 5 6 8 9 11 12 13 | 13.8
Armour         | 3 4 5 6 8 10 11 12 13 14 | 14.6
Dodging        | 3 4 5 6 7 8 9 10 | 10.8
Shields        | 2 3 5 6 7 8 |  8.4
Staves         | 7 |  7.3

Action                   |  1- 3 |  4- 6 |  7- 9 | 10-12 | 13-15 || total
-------------------------+-------+-------+-------+-------+-------++-------
Melee: Hand axe          |    95 |   100 |   313 |   197 |    46 ||   751
       Headbutt          |    12 |    16 |    64 |   104 |    61 ||   257
       War axe           |       |       |    17 |   251 |       ||   268
       Lajatang          |       |       |       |       |   143 ||   143
       Battleaxe         |       |       |       |       |    19 ||    19
Invok: Berserk           |       |     3 |    12 |    12 |     5 ||    32
       Trog's Hand       |       |       |     1 |       |     2 ||     3
       Brothers in Arms  |       |       |       |     2 |     3 ||     5
  Use: Scroll            |     4 |       |     5 |    13 |     3 ||    25
       Potion            |       |       |     1 |       |     3 ||     4
Armor: Animal skin       |    11 |       |       |       |       ||    11
       Chain mail        |    18 |    56 |   151 |       |       ||   225
       Plate armour      |       |       |     1 |   203 |   189 ||   393
Dodge: Dodged            |    62 |    45 |   144 |   142 |   173 ||   566
Block: Other             |       |       |    27 |       |    66 ||    93
       Buckler           |       |       |    79 |   214 |    23 ||   316
       Reflection        |       |       |     2 |     1 |       ||     3

Table legend: (Time is in decaauts)
 A = Elapsed time spent in this place.
 B = Non-inter-level travel time spent in this place.
 C = Inter-level travel time spent in this place.
 D = Time resting spent in this place.
 E = Time spent auto-exploring this place.
 F = Levels seen in this place.
 G = Mean time per level.
                   A        B        C        D        E       F      G
               +--------+--------+--------+--------+--------+-----+--------+
         Total |  16693 |  15881 |    812 |   1156 |  12236 |  16 | 1043.3 |
       Dungeon |  12376 |  11857 |    519 |    790 |   9383 |  11 | 1125.1 |
          Lair |   4317 |   4025 |    292 |    366 |   2852 |   5 |  863.4 |
               +--------+--------+--------+--------+--------+-----+--------+

Top non-repeatable levels by time:
    D:10: 2048 daAuts
  Lair:2: 1941 daAuts
     D:6: 1414 daAuts
     D:2: 1261 daAuts
     D:9: 1258 daAuts
     D:1: 1231 daAuts
  Lair:1: 1118 daAuts
     D:3: 1098 daAuts
     D:4: 1058 daAuts
     D:8: 1011 daAuts
     D:7: 883 daAuts
     D:5: 851 daAuts
  Lair:6: 613 daAuts
  Lair:3: 535 daAuts
    D:11: 259 daAuts
